 Dungeon Crawl Stone Soup version 0.23-b1-49-g13d5857 (webtiles) character file.

Game seed: 11323529659878160493

2004 Kairos the Chopper (level 9, -1/46 HPs)
             Began as a Vine Stalker Fighter on Feb 3, 2019.
             Was a Follower of Okawaru.
             Slain by an unseen horror (2 damage)
             ... on level 6 of the Dungeon.
             The game lasted 00:08:04 (4183 turns).

Kairos the Chopper (Vine Stalker Fighter)           Turns: 4183, Time: 00:08:04

Health: -1/46      AC: 14    Str: 21    XL:     9   Next: 22%
Magic:  0/10       EV:  6    Int:  8    God:    Okawaru [*.....]
Gold:   97         SH: 10    Dex: 15    Spells: 8/8 levels left

rFire    + . .     SeeInvis .   a - +1 war axe
rCold    + . .     Gourm    .   c - +0 shield
rNeg     . . .     Faith    .   l - +0 chain mail
rPois    +         Spirit   +   i - +2 helmet
rElec    .         Reflect  .   p - scarf {rC+ rF+}
rCorr    .         Harm     .   r - +0 pair of gloves
MR       +....                  (no boots)
Stlth    ..........             (no amulet)
HPRegen  0.55/turn              m - ring of flight
MPRegen  0.12/turn              w - ring of poison resistance

@: no status effects
A: fangs 3, regeneration 1, magic shield, antimagic bite, no potion heal 3, rot
immunity
a: Heroism, Renounce Religion, Evoke Flight


You were on level 6 of the Dungeon.
You worshipped Okawaru.
Okawaru was aware of your devotion.
You were hungry.

You visited 2 branches of the dungeon, and saw 7 of its levels.

You collected 202 gold pieces.
You spent 105 gold pieces at shops.

Inventory:

Hand Weapons
 a - a +1 war axe (weapon)
 v - a +1 flail of protection
Armour
 c - a +0 shield (worn)
 i - a +2 helmet (worn)
 l - a +0 chain mail (worn)
 p - a scarf of resistance (worn)
 r - a +0 pair of gloves (worn)
Jewellery
 m - a ring of flight (left hand)
 w - a ring of poison resistance (right hand)
Scrolls
 b - a scroll of fog {unknown}
 e - a scroll of remove curse
 g - 4 scrolls of teleportation
 k - 2 scrolls of amnesia
 o - a scroll of immolation
 q - 3 scrolls of identify
Potions
 d - 2 potions of might
 h - 2 potions of haste {unknown}
 j - 6 potions of mutation {unknown}
 n - a potion of brilliance {unknown}
Comestibles
 f - 13 rations


   Skills:
 + Level 4.5 Fighting
 + Level 7.3 Axes
 + Level 5.0 Armour
 + Level 1.8 Dodging
 + Level 2.1 Stealth
 + Level 5.2 Shields


You had 8 spell levels left.
You didn't know any spells.
Your spell library contained the following spells:

 Spells                   Type           Power        Failure   Level  Hunger
 Corona                   Hex            #......      100%        1    ##.....
 Ensorcelled Hibernation  Hex/Ice        #.....       100%        2    ###....
 Confuse                  Hex            #.......     100%        3    ####...
 Dazzling Spray           Conj/Hex       #.....       100%        3    ####...
 Tukima's Dance           Hex            #.......     100%        3    ####...


Dungeon Overview and Level Annotations

Branches:
Dungeon (6/15)             Temple (1/1) D:5

Altars:
Cheibriados
Dithmenos
Elyvilon
Fedhas
Gozag
Kikubaaqudgha
Makhleb
Nemelex Xobeh
Okawaru
Qazlal
Ru
Sif Muna
Trog
Uskayaw
Vehumet
Wu Jian
Yredelemnul
Zin
The Shining One

Shops:
D:4 ?   D:5 %


Innate Abilities, Weirdness & Mutations

You have razor-sharp teeth.
Your natural rate of healing is unusually fast.
When hurt, damage is shared between your health and your magic reserves.
Your bite disrupts and absorbs the magic of your enemies.
Potions cannot restore your health.
You are immune to rotting.


Message History

* * * LOW HITPOINT WARNING * * *
There is an open door, spattered with blood here.
You see here a giant cockroach corpse.
Something hits you!
* * * LOW HITPOINT WARNING * * *
Unknown command.
As you read the scroll labeled PAZOOC QEESCH, it crumbles to dust.
You feel aware of your surroundings.
It was a scroll of magic mapping.
Something hits you but does no damage.
As you read the scroll labeled WEEXANOKHE, it crumbles to dust.
You speak a Word of immense power!
It was a scroll of holy word.
You block something's attack. Something hits you but does no damage.
You hit something. Something hits you but does no damage. Something hits you!
* * * LOW HITPOINT WARNING * * *
Something hits you but does no damage.
There is an open door, spattered with blood here.
You see here a giant cockroach corpse.
Something hits you.
You die...

.###.#..†....#.#.##'## #.......##
.#...#........####8.####.......##
.#...........##..'..'..##........
.............#..8#..#8..#........
..###.....>.##†########.##.......
#.##........##'#[$%$=(#'#........
..#..........#.###'####)#........
.............#..8#..#8..#.......#
.............##.@†..'((##........
.##...........####.8####.........
...........#.....####............
............#....................
.....##.....#....##......#..#....
.................#....#######....
........##*##..#......# #####
#........###...#...#.##
#.....#..##...#..#####


There were no monsters in sight!

Vanquished Creatures
  Prince Ribbit (D:5)
  Edmund (D:6)
  An orc warrior (D:6)
  2 ice beasts
  A sky beast (D:5)
  A phantom (D:6)
  An ogre (D:4)
  3 centaurs
  A bullfrog (D:6)
  A scorpion (D:5)
  3 howler monkeys
  2 vampire bats (D:4)
  A crimson imp (D:4)
  An orc priest (D:4)
  5 orc wizards
  Jessica (D:3)
  3 iguanas
  Natasha (D:3)
  2 worker ants
  A hound skeleton (D:5)
  A worker ant zombie (D:5)
  4 gnolls (D:6)
  7 adders
  A shadow imp (D:5)
  A white imp (D:4)
  3 oozes
  5 worms
  7 dart slugs
  4 leopard geckos
  8 orcs
  3 bat skeletons (D:4)
  2 bat zombies (D:4)
  6 giant cockroaches
  6 hobgoblins
  5 jackals
  A quokka (D:4)
  3 ball pythons
  4 bats
  4 frilled lizards
  6 goblins
  12 kobolds
  7 rats
133 creatures vanquished.

Vanquished Creatures (others)
  A hobgoblin (D:2)
1 creature vanquished.

Grand Total: 134 creatures vanquished

Notes
Turn   | Place    | Note
-------+----------+-------------------------------------------
     0 | D:1      | Kairos the Vine Stalker Fighter began the quest for the
                  | Orb.
     0 | D:1      | Reached XP level 1. HP: 11/11 MP: 2/2
    24 | D:1      | Reached XP level 2. HP: 16/16 MP: 3/3
   196 | D:1      | Reached skill level 2 in Axes
   239 | D:1      | Reached XP level 3. HP: 14/20 MP: 4/4
   948 | D:2      | Gained mutation: Your natural rate of healing is unusually
                  | fast. [Vine Stalker growth]
   948 | D:2      | Reached XP level 4. HP: 13/24 MP: 5/5
  1146 | D:2      | Found a snail-covered altar of Cheibriados.
  1325 | D:2      | Found an ornate altar of the Wu Jian Council.
  1435 | D:3      | Noticed Jessica
  1440 | D:3      | Killed Jessica
  1440 | D:3      | Reached XP level 5. HP: 27/28 MP: 6/6
  1440 | D:3      | Reached skill level 3 in Axes
  1556 | D:3      | Found a white marble altar of Elyvilon.
  1810 | D:3      | Noticed Natasha
  1815 | D:3      | Killed Natasha
  1881 | D:3      | Found an opulent altar of Gozag.
  1993 | D:4      | Noticed an ogre
  1999 | D:4      | Killed an ogre
  1999 | D:4      | Reached XP level 6. HP: 20/32 MP: 7/7
  2125 | D:4      | Reached skill level 4 in Axes
  2149 | D:4      | Found Qerrityq's Magic Scroll Shoppe.
  2155 | D:4      | Bought a scroll of enchant weapon for 105 gold pieces
  2308 | D:4      | Reached skill level 1 in Dodging
  2308 | D:4      | Reached XP level 7. HP: 37/37 MP: 8/8
  2691 | D:4      | Found an ancient bone altar of Kikubaaqudgha.
  2758 | D:5      | Entered Level 5 of the Dungeon
  2888 | D:5      | Reached skill level 5 in Axes
  2896 | D:5      | Gained mutation: You have razor-sharp teeth. [Vine Stalker
                  | growth]
  2896 | D:5      | Reached XP level 8. HP: 39/42 MP: 9/9
  2897 | D:5      | Found a staircase to the Ecumenical Temple.
  2917 | Temple   | Entered the Ecumenical Temple
  2984 | Temple   | Became a worshipper of Warmaster Okawaru
  3053 | D:5      | Noticed Prince Ribbit
  3127 | D:5      | Found a sacrificial altar of Ru.
  3314 | D:5      | Killed Prince Ribbit
  3314 | D:5      | Reached skill level 6 in Axes
  3467 | D:5      | Found Vixzomy's Food Shop.
  3669 | D:6      | Reached skill level 1 in Stealth
  3680 | D:6      | Noticed Edmund
  3693 | D:6      | Killed Edmund
  3693 | D:6      | Reached skill level 5 in Shields
  3704 | D:6      | Reached * piety under Okawaru
  3739 | D:6      | Reached XP level 9. HP: 14/46 MP: 2/10
  3771 | D:6      | Reached skill level 7 in Axes
  4119 | D:6      | Reached skill level 5 in Armour
  4182 | D:6      | HP: 1/46 [something (5)]
  4183 | D:6      | Slain by an unseen horror

Skill      XL: |  1  2  3  4  5  6  7  8  9 |
---------------+----------------------------+-----
Fighting       | 3 4 |  4.5
Axes           | 2 3 4 5 6 7 |  7.3
Armour         | 3 4 5 |  5.0
Shields        | 3 4 5 |  5.2
Dodging        | 1 |  1.8
Stealth        | 1 2 |  2.1

Action                   |  1- 3 |  4- 6 |  7- 9 || total
-------------------------+-------+-------+-------++-------
Melee: War axe           |    73 |   124 |   224 ||   421
       Bite              |    18 |    25 |    80 ||   123
Invok: Heroism           |       |       |     2 ||     2
  Use: Scroll            |     1 |     6 |     3 ||    10
 Stab: Paralysed         |       |       |     1 ||     1
  Eat: Chunk             |       |     2 |     5 ||     7
       Ration            |       |     1 |       ||     1
Armor: Scale mail        |    23 |       |       ||    23
       Chain mail        |     8 |    67 |   163 ||   238
       Ring mail         |     8 |       |       ||     8
Dodge: Dodged            |    30 |    21 |    64 ||   115
Block: Shield            |    32 |    46 |   122 ||   200
